 Dungeon Crawl Stone Soup version 0.26.0-10-g1f06aea511 (webtiles) character file.

Game seed: 16010935343975810103

16205 Borgoz the Carver (level 12, -15/103 HPs)
             Began as a Ghoul Gladiator on Jan 18, 2021.
             Was a High Priest of Okawaru.
             Killed from afar by a gargoyle (23 damage)
             ... with a stone arrow
             ... on level 12 of the Dungeon.
             The game lasted 00:19:41 (17685 turns).

Borgoz the Carver (Ghoul Gladiator)                Turns: 17685, Time: 00:19:42

Health: -15/103    AC: 22    Str: 19    XL:     12   Next: 35%
Magic:  0/14       EV: 13    Int:  3    God:    Okawaru [*****.]
Gold:   888        SH:  0    Dex: 14    Spells: 11/11 levels left

rFire    . . .     SeeInvis .   a - +2 long sword
rCold    + . .     Faith    .   (no shield)
rNeg     + + +     Spirit   +   m - +0 plate armour
rPois    ∞         Reflect  .   c - +0 helmet
rElec    .         Harm     .   k - +1 cloak {rCorr}
rCorr    +         Rampage  .   (no gloves)
Will     +....                  j - +0 pair of boots
Stlth    ..........             o - amulet of guardian spirit
HPRegen  0.00/turn              p - ring of willpower
MPRegen  0.14/turn              (no ring)

@: about to teleport, heroism
A: claws 1, cold resistance 1, negative energy resistance 3, inhibited
regeneration, torment resistance, unbreathing
a: Renounce Religion, Heroism, Finesse


You were on level 12 of the Dungeon.
You worshipped Okawaru.
Okawaru was extremely pleased with you.
You visited 2 branches of the dungeon, and saw 13 of its levels.

You collected 888 gold pieces.

Inventory:

Hand Weapons
 a - a +2 long sword (weapon)
 b - a +0 great sword
Armour
 c - a +0 helmet (worn)
 j - a +0 pair of boots (worn)
 k - a +1 cloak of preservation (worn)
 m - a +0 plate armour (worn)
Jewellery
 o - an amulet of guardian spirit (around neck)
 p - a ring of willpower (left claw)
 v - an uncursed amulet of the acrobat
 w - an uncursed ring of flight
Wands
 r - a wand of iceblast (3)
Scrolls
 d - 3 scrolls of identify
 h - a scroll of magic mapping
 l - 3 scrolls of fear
 n - 4 scrolls of remove curse
 q - a scroll of enchant weapon
 x - a scroll of enchant armour {unknown}
Potions
 g - 2 potions of cancellation
 i - a potion of might
 s - a potion of haste
 t - a potion of curing
 u - 2 potions of brilliance


   Skills:
 + Level 8.3(13.3) Fighting
 * Level 10.0(15.0) Long Blades
 - Level 1.7(6.7) Throwing
 * Level 9.5(14.5) Armour
 * Level 9.9(14.9) Dodging
 - Level 5.0 Invocations


You had 11 spell levels left.
You didn't know any spells.
Your spell library was empty.

Dungeon Overview and Level Annotations

Branches:
Dungeon (12/15)            Temple (1/1) D:4            Lair (0/6) D:9
    Orc (0/2) D:12

Altars:
Ashenzari
Cheibriados
Dithmenos
Elyvilon
Fedhas
Gozag
Hepliaklqana
Kikubaaqudgha
Makhleb
Nemelex Xobeh
Okawaru
Qazlal
Ru
Sif Muna
Trog
Uskayaw
Vehumet
Wu Jian
Xom
Yredelemnul
Zin
The Shining One

Shops:
D:8 :   D:11 !

Portals:
Abyss: D:8

Annotations:
D:3 2 transporters
D:6 1 runed translucent door, ggurman's ghost, novice PaHu
D:8 2 transporters, Dracia's ghost, novice DsMo


Innate Abilities, Weirdness & Mutations

You thrive by killing the living.
You are immune to poison.
You have sharp fingernails.
Your flesh is cold resistant. (rC+)
You are immune to negative energy. (rN+++)
You do not regenerate when monsters are visible.
You are immune to unholy pain and torment.
You can survive without breathing.


Message History

You feel much better. The boulder beetle bites you.
* * * LOW HITPOINT WARNING * * *
The slime creature hits you!
* * * LOW HITPOINT WARNING * * *
The boulder beetle leaps!
Really walk into that teleport trap? [Y]es or [N]o only, please.
Really walk into that teleport trap?
You enter a teleport trap!
The teleport trap disappears.
Your surroundings suddenly seem different. 2 yaks and a gargoyle come into view.
The yak bellows!
You hear a bellow! x2
A yak comes into view. x2
The gargoyle hits you but does no damage.
Found a potion of heal wounds, a scroll of fog and 14 gold pieces.
As you read the scroll of teleportation, it crumbles to dust.
You feel strangely unstable. The yak barely misses you.
The gargoyle hurls a stone arrow at you.
The stone arrow hits you!!
You die...

#.### ###.Y$#
.?.#.#
###Y...####
!....Y...# .
##....... ...
###....Y.#.....
.......@9......
...............
.###.##..#.##.#
# ..## .. ...
... .... ..
.... # ......


You could see 4 yaks and a gargoyle.

Vanquished Creatures
  A hydra (D:11)
  6 two-headed ogres
  Urug (D:11)
  2 unseen horrors (D:11)
  Pikel (D:7)
  3 cyclopes
  A komodo dragon (D:9)
  A troll (D:11)
  A hornet (D:7)
  4 fire bats (D:11)
  2 wyverns
  A wraith (D:12)
  A basilisk (D:9)
  4 yaks (D:11)
  Eustachio (D:6)
  A soldier ant (D:11)
  A water moccasin (D:10)
  A hell hound (D:11)
  A black bear (D:11)
  2 orc warriors (D:8)
  An eye of draining (D:11)
  4 ice beasts
  2 sky beasts
  6 phantoms
  4 ogres
  5 centaurs
  A lemure (D:6)
  5 bullfrogs
  A gnoll sergeant (D:6)
  11 scorpions
  2 troll zombies (D:12)
  7 howler monkeys
  3 wights (D:11)
  A centaur zombie (D:7)
  2 bullfrog zombies
  2 lava snakes (D:11)
  10 bullfrog skeletons
  4 hounds
  An orc priest (D:12)
  6 jellies
  4 orc wizards
  A centaur skeleton (D:10)
  2 iguanas
  9 worker ants
  5 ogre zombies (D:12)
  A hound zombie (D:11)
  2 worker ant zombies
  Robin (D:4)
  15 gnolls
  23 adders
  4 white imps
  2 ufetubi (D:6)
  An ooze (D:3)
  An adder zombie (D:9)
  An adder skeleton (D:9)
  A worm (D:3)
  A dart slug (D:3)
  5 leopard geckos
  21 orcs
  5 giant cockroaches
  18 goblins
  9 hobgoblins
  18 jackals
  6 kobolds
  3 quokkas
  20 bats
  2 frilled lizards
  2 goblin skeletons (D:12)
  5 goblin zombies (D:12)
  2 hobgoblin skeletons (D:12)
  5 hobgoblin zombies (D:12)
  A leopard gecko skeleton (D:6)
  A leopard gecko zombie (D:4)
  An orc skeleton (D:12)
  8 orc zombies (D:12)
  11 rats
  3 fire vortices (D:11)
334 creatures vanquished.

Vanquished Creatures (others)
  A komodo dragon (D:9)
  A swamp drake (D:9)
  13 fungi
  4 toadstools (D:12)
19 creatures vanquished.

Grand Total: 353 creatures vanquished

Notes
Turn   | Place    | Note
-------+----------+-------------------------------------------
     0 | D:1      | Borgoz the Ghoul Gladiator began the quest for the Orb.
     0 | D:1      | Reached XP level 1. HP: 17/17 MP: 0/0
   252 | D:1      | Reached XP level 2. HP: 23/24 MP: 1/1
   689 | D:1      | Reached skill level 3 in Long Blades
   882 | D:1      | Reached skill level 1 in Armour
  1084 | D:2      | Reached XP level 3. HP: 28/30 MP: 2/2
  1465 | D:2      | Reached XP level 4. HP: 24/37 MP: 3/3
  2162 | D:3      | Found a stormy altar of Qazlal.
  2182 | D:3      | Reached XP level 5. HP: 38/44 MP: 4/4
  2650 | D:3      | Found a transporter.
  2654 | D:3      | Noticed a kobold demonologist
  2668 | D:3      | Found a transporter.
  2973 | D:4      | Noticed Robin
  3261 | D:4      | Killed Robin
  3262 | D:4      | Reached XP level 6. HP: 49/51 MP: 5/5
  3303 | D:4      | Found a staircase to the Ecumenical Temple.
  3333 | Temple   | Entered the Ecumenical Temple
  3374 | Temple   | Became a worshipper of Warmaster Okawaru
  3622 | D:4      | Reached skill level 4 in Long Blades
  4536 | D:4      | Found a radiant altar of Vehumet.
  4630 | D:5      | Entered Level 5 of the Dungeon
  4679 | D:5      | Got an ivory flail
  4680 | D:5      | Identified the +4 flail of Kiat {flame, +Blink Will+ SInv}
                  | (You found it on level 5 of the Dungeon)
  4814 | D:5      | Reached skill level 1 in Invocations
  4890 | D:5      | Reached XP level 7. HP: 45/57 MP: 6/6
  5017 | D:5      | Found an iron altar of Okawaru.
  5048 | D:5      | Reached * piety under Okawaru
  5356 | D:5      | Reached skill level 5 in Long Blades
  5356 | D:5      | Reached XP level 8. HP: 54/66 MP: 8/8
  5420 | D:5      | Reached skill level 5 in Dodging
  5453 | D:5      | Found the +7 Singing Sword {vorpal, sonic wave}
  5726 | D:6      | Noticed ggurman's ghost (novice PaHu)
  5751 | D:6      | Reached ** piety under Okawaru
  5752 | D:6      | Noticed Eustachio
  5761 | D:6      | Killed Eustachio
  5962 | D:6      | Found a runed translucent door.
  6680 | D:6      | Found an iron altar of Okawaru.
  7097 | D:7      | Reached skill level 5 in Armour
  7097 | D:7      | Reached XP level 9. HP: 63/73 MP: 8/10
  7355 | D:7      | Reached skill level 6 in Long Blades
  7359 | D:7      | Noticed a hornet
  7382 | D:7      | Killed a hornet
  7383 | D:7      | Reached skill level 5 in Fighting
  8232 | D:7      | Noticed Pikel
  8629 | D:7      | Killed Pikel
  8629 | D:7      | Reached *** piety under Okawaru
  9588 | D:8      | Noticed a two-headed ogre
  9592 | D:8      | Noticed a two-headed ogre
  9597 | D:8      | Killed a two-headed ogre
  9597 | D:8      | Reached **** piety under Okawaru
  9598 | D:8      | Reached skill level 7 in Long Blades
  9598 | D:8      | Reached XP level 10. HP: 21/83 MP: 1/12
 10004 | D:7      | Killed a two-headed ogre
 10005 | D:7      | Reached skill level 5 in Invocations
 10312 | D:8      | Received a gift from Okawaru
 10476 | D:8      | Found a transporter.
 10476 | D:8      | Noticed a red ugly thing
 10488 | D:8      | Found a transporter.
 10491 | D:8      | Found a one-way gate to the infinite horrors of the Abyss.
 10511 | D:8      | Noticed Dracia's ghost (novice DsMo)
 10819 | D:8      | Found Zupsyeca's Book Emporium.
 11735 | D:9      | Reached skill level 8 in Long Blades
 12108 | D:9      | Found a staircase to the Lair.
 12366 | D:10     | Entered Level 10 of the Dungeon
 12405 | D:10     | Found an ornate altar of the Wu Jian Council.
 12426 | D:10     | Reached XP level 11. HP: 84/91 MP: 8/13
 12516 | D:10     | Noticed a cyclops
 12728 | D:10     | Killed a cyclops
 12728 | D:10     | Reached ***** piety under Okawaru
 13078 | D:10     | Noticed a cyclops
 13372 | D:10     | Noticed a seven-headed hydra
 13450 | D:10     | Killed a cyclops
 13633 | D:11     | Noticed Urug
 13633 | D:11     | Noticed a two-headed ogre
 13646 | D:11     | Killed a two-headed ogre
 13654 | D:11     | Killed Urug
 13905 | D:11     | Noticed a four-headed hydra
 13929 | D:11     | Killed a 16-headed hydra
 13956 | D:11     | Killed an unseen horror
 13957 | D:11     | Reached skill level 9 in Long Blades
 14348 | D:11     | Killed an unseen horror
 14348 | D:11     | Received a gift from Okawaru
 15362 | D:11     | Noticed a two-headed ogre
 15367 | D:11     | Killed a two-headed ogre
 15399 | D:11     | Noticed a two-headed ogre
 15401 | D:11     | Noticed a cyclops
 15911 | D:11     | Found Soywk's Distillery.
 16065 | D:11     | Reached XP level 12. HP: 65/101 MP: 7/14
 16399 | D:11     | Noticed a two-headed ogre
 16406 | D:11     | Killed a two-headed ogre
 16414 | D:11     | Killed a two-headed ogre
 16414 | D:11     | Received a gift from Okawaru
 17025 | D:12     | Found a staircase to the Orcish Mines.
 17237 | D:12     | Reached skill level 10 in Long Blades
 17630 | D:12     | Noticed a boulder beetle
 17685 | D:12     | Killed from afar by a gargoyle

Illustrated notes

Levels and vault maps discovered:
D:1:      wander_arrival_abandoned_jail, layout_basic, serial_glass,
          glass_columns_a, glass_columns_a, due_unseen_surprise,
          interstate_on_off, minmay_misc_feat_alley
D:2:      layout_loops_ring
D:3:      gammafunk_wand_slinger, layout_loops_ring, nrook_campfire,
          nicolae_qazlal_general_emergency
D:4:      layout_gridville, marbit_many_paths, minmay_temple_entry_sparse_star,
          minivault_11, uniq_robin
D:5:      old_forge, layout_basic, okawaru_trees_2
D:6:      nicolae_whirlpool, layout_basic, basic_altar,
          hellmonk_ghost_happy_afterlife, kennysheep_generic_room_9,
          uniq_eustachio
D:7:      layout_layer_cave, minmay_quadrilaterals, uniq_pikel
D:8:      layout_loops_ring, gammafunk_ghost_abyssal_escape, serial_shops,
          nicolae_shop_window_shopping
D:9:      layout_cave_pools, erik_lair_dragon, kennysheep_generic_room_7
D:10:     layout_rooms, basic_altar, minmay_sticks_and_stones
D:11:     minmay_recursive_quarters, layout_loops_cross, serial_shops,
          shop_statue, hangedman_incinerator, uniq_urug
D:12:     layout_basic, zombieorc2_lemuel, minmay_gold_behind_fungi
Temple:   minmay_crystal_snake_temple

Skill      XL: |  1  2  3  4  5  6  7  8  9 10 11 12 |
---------------+-------------------------------------+-----
Long Blades    | 3 4 5 7 8 9 10 | 10.0
Armour         | 1 2 3 5 6 7 9 |  9.5
Dodging        | 3 4 5 7 8 9 |  9.9
Fighting       | 3 4 5 6 8 |  8.3
Invocations    | 1 2 3 4 5 |  5.0
Throwing       | |  1.7

Action                   |  1- 3 |  4- 6 |  7- 9 | 10-12 || total
-------------------------+-------+-------+-------+-------++-------
Melee: Long sword        |   113 |   299 |   442 |   780 ||  1634
       Punch             |       |       |       |     6 ||     6
Throw: Throwing net      |       |       |     2 |     3 ||     5
Invok: Heroism           |       |       |     5 |    19 ||    24
Evoke: Wand              |       |       |       |    22 ||    22
  Use: Scroll            |     8 |     7 |     2 |     7 ||    24
       Potion            |     1 |     7 |     1 |     7 ||    16
 Stab: Confused          |       |       |       |     3 ||     3
       Paralysed         |       |       |       |     7 ||     7
       Held in net/web   |       |       |       |     3 ||     3
Armor: Leather armour    |    51 |     3 |       |       ||    54
       Plate armour      |       |   315 |   445 |   488 ||  1248
Dodge: Dodged            |    94 |   165 |   249 |   434 ||   942
       Rpst.: Long sword |    27 |    62 |    65 |   114 ||   268
